 Dungeon Crawl Stone Soup version 0.22-a0-247-gbddf880 (webtiles) character file.

2076998 Gorglomux the Conqueror (level 26, 201/239 HPs)
             Began as a Minotaur Warper on Feb 26, 2018.
             Was a High Priest of Okawaru.
             Escaped with the Orb
             ... and 3 runes!
             The game lasted 01:02:51 (45970 turns).

Gorglomux the Conqueror (Minotaur Warper)          Turns: 45970, Time: 01:02:52

Health: 201/239    AC: 36    Str: 26    XL:     26   Next: 28%
Magic:  31/31      EV: 23    Int: 13    God:    Okawaru [*****.]
Gold:   2240       SH: 21    Dex: 15    Spells: 27/27 levels left

rFire    + + +     SeeInvis .   a - +9 broad axe (freeze) {god gift}
rCold    + + .     Gourm    .   d - +2 shield of Resistance {rF+ rC+ MR+}
rNeg     + + +     Faith    .   e - +6 plate armour {rF+}
rPois    +         Spirit   .   b - +0 hat "Urich" {god gift, -Cast rN++ Int+3}
rElec    +         Reflect  .   L - +1 cloak of Starlight {rElec rC+ EV+4 Stlth--}
rCorr    .         Harm     .   u - -1 pair of gloves "Jyuk Ceu" {god gift, Str+3 Slay+3}
MR       +++..     NoCast   +   h - +2 pair of boots {run}
Stlth    ..........             r - amulet of regeneration
HPRegen  0.89/turn              m - ring of protection from magic
MPRegen  0.22/turn              l - ring "Teheikka" {rPois rF+ rN+ Dex+2}

@: heroism, quick
A: retaliatory headbutt, horns 2, frail 1, weak 1, subdued magic 1
0: Orb of Zot
}: 3/15 runes: decaying, silver, gossamer
a: Heroism, Finesse, Renounce Religion


You escaped.
You worshipped Okawaru.
Okawaru was extremely pleased with you.
You were not hungry.

You visited 9 branches of the dungeon, and saw 47 of its levels.
You also visited: Sewer.

You collected 6818 gold pieces.
You spent 4578 gold pieces at shops.

Inventory:

Hand Weapons
 a - a +9 broad axe of freezing (weapon) {god gift}
Missiles
 Z - 3 throwing nets (quivered)
Armour
 b - the +0 hat "Urich" (worn) {god gift, -Cast rN++ Int+3}
   (Okawaru gifted it to you on level 4 of the Vaults)

   It affects your intelligence (+3).
   It greatly protects you from negative energy.
   It prevents spellcasting.
 d - the +2 shield of Resistance (worn) {rF+ rC+ MR+}
   (You found it on level 3 of the Vaults)

   It protects you from fire.
   It protects you from cold.
   It affects your resistance to hostile enchantments.
 e - a +6 plate armour of fire resistance (worn)
 h - a +2 pair of boots of running (worn)
 u - the -1 pair of gloves "Jyuk Ceu" (worn) {god gift, Str+3 Slay+3}
   (Okawaru gifted it to you on level 4 of the Spider Nest)

   It affects your strength (+3).
   It affects your accuracy and damage with ranged weapons and melee attacks
   (+3).
 L - the +1 cloak of Starlight (worn) {rElec rC+ EV+4 Stlth--}
   (You bought it in a shop on level 2 of the Vaults)

   It affects your evasion (+4).
   It protects you from cold.
   It insulates you from electricity.
   It makes you much less stealthy.
Jewellery
 l - the ring "Teheikka" (right hand) {rPois rF+ rN+ Dex+2}
   (You bought it in a shop on level 5 of the Depths)

   [ring of positive energy]

   It affects your dexterity (+2).
   It protects you from fire.
   It protects you from poison.
   It protects you from negative energy.
 m - a ring of protection from magic (left hand)
 r - an amulet of regeneration (around neck)
 s - an uncursed ring of see invisible
 x - a +2 ring of strength {unknown}
Wands
 A - a wand of acid (24)
 D - a wand of digging (5)
 E - a wand of enslavement (32)
 I - a wand of iceblast (30)
 O - a wand of clouds (16)
 P - a wand of paralysis (31)
 S - a wand of scattershot (12)
Scrolls
 j - 3 scrolls of holy word
 k - a scroll of silence
 v - 20 scrolls of remove curse
 B - 3 scrolls of blinking
 J - 10 scrolls of fog
 K - 5 scrolls of fear
 M - 9 scrolls of magic mapping
 R - 13 scrolls of identify
 T - 21 scrolls of teleportation
 W - 4 scrolls of immolation
Potions
 f - 2 potions of brilliance
 g - 2 potions of invisibility
 p - 5 potions of haste
 q - 6 potions of agility
 t - 2 potions of might
 y - 5 potions of cancellation
 z - 5 potions of heal wounds
 F - 6 potions of mutation {!q}
 G - 3 potions of resistance
 H - 5 potions of ambrosia
 N - 5 potions of magic
 Q - 22 potions of curing
Miscellaneous
 U - a box of beasts
 V - 2 phantom mirrors
 X - a phial of floods
 Y - a lamp of fire
Comestibles
 c - 69 rations


   Skills:
 O Level 27 Fighting
 + Level 22.3(27) Axes
 - Level 1.0(6.0) Throwing
 - Level 25.4(27) Armour
 + Level 13.3(18.3) Dodging
 - Level 24.7(27) Shields
 - Level 1.3 Spellcasting
   Level 2.1 Translocations
 + Level 12.5 Invocations
 - Level 7.5 Evocations


You had 27 spell levels left.
You didn't know any spells.

Dungeon Overview and Level Annotations

Branches:
Dungeon (15/15)            Temple (1/1) D:6            Lair (6/6) D:9
  Swamp (4/4) Lair:2       Spider (4/4) Lair:3        Slime (0/5) Lair:5
    Orc (2/2) D:9             Elf (0/3) Orc:2        Vaults (5/5) D:13
  Crypt (0/3) Vaults:3     Depths (5/5) D:15            Zot (5/5) Depths:5

Altars:
Ashenzari
Cheibriados
Dithmenos
Gozag
Makhleb
Nemelex Xobeh
Okawaru
Qazlal
Ru
Sif Muna
Wu Jian
Xom
Zin
The Shining One

Shops:
D:8 *   D:9 =   D:11 :   D:12 [   Orc:2 ??(}   Vaults:1 %   Vaults:2 ***}[(
Vaults:3 *   Vaults:4 %   Depths:5 }}=

Portals:
Hell: Depths:1 Depths:2 Depths:4 Depths:5
Abyss: Depths:4 Depths:5
Pandemonium: Orc:2 Depths:3
Ziggurat: Depths:2
Trove: D:13 (give 5 potions of resistance)

Annotations:
D:3 Gorglomux's ghost, amateur MiWr
Depths:3 4 runed doors


Innate Abilities, Weirdness & Mutations

You reflexively headbutt those who attack you in melee.
You have a pair of horns on your head.
You are frail. (-10% HP)
You are weak. (Str -2)
Your spells are a little easier to cast, but a little less powerful.


Message History

There is a stone butt leading down here!
There is a stone butt leading up here!
You climb upwards!
Level annotation: Gorglomux'butts ghost, amateur MiWr
There is a stone staircase leading down here!
There is a stone staircase leading up here!
You see here a stone!
Butt climb upwards!
There is a stone staircase leading down here!
Your hands slow down!
There is a stone staircase leading up here!
Butt climb upwards!
There is a stone staircase leading down here!
Magic restored!
There is an open door butt!
You open the door!
There is an open door here!
There is an open door here!
There is a staircase leading out of the dungeon here!
You have escaped!!!

#.....#.###..####..##..#####.
#....##.# ##...##......#.....
#....##.# #'#.........#.....
###..##.# #.#.....#...#.....
#..##.# #'#.....##..))....
#..##.# #.#(..............
#...#.# ##'##.....##.#.....
##.#.#####...#####..........
#....'.'.'.@.'.+.'....####..
######....#####...#####..........
#....#........##'######.....###).
#..............#.#...............
#....#########.#+#######.###.....
###### #.#.####........#...
#.#'##...#..........
#......###...####... ########
#...# #...


There were no monsters in sight!

Vanquished Creatures
  9 ancient liches
  An orb of fire (Zot:5)
  Mennas (Depths:3)
  Mara (Depths:4)
  4 juggernauts
  Bai Suzhen (Spider:4)
  Frederick (Depths:4)
  A pandemonium lord (Zot:4)
  2 Killer Klowns (Zot:5)
  3 golden dragons
  2 caustic shrikes (Depths:2)
  Nikola (Spider:3)
  A bone dragon (Depths:5)
  the Enchantress (Depths:2)
  Arachne (Spider:3)
  3 electric golems
  Jorgrun (Depths:2)
  A Tzitzimitl (D:5)
  4 liches
  An Ice Fiend (D:9)
  24 Orb Guardians
  5 tentacled monstrosities
  Asterion (Vaults:3)
  5 quicksilver dragons
  8 titans
  2 sphinxes
  5 death cobs
  Kirke (Spider:4)
  2 draconian monks
  4 shadow dragons
  An ancient champion (Vaults:3)
  Donald (Orc:1)
  9 storm dragons
  3 thorn hunters
  A daeva (D:8)
  Roxanne (Spider:2)
  7 tengu reavers
  14 frost giants
  2 draconian knights
  5 fire giants
  A revenant (Vaults:3)
  A deep elf sorcerer (Vaults:5)
  Louise (Spider:2)
  A ghost moth (Spider:4)
  3 iron dragons
  20 vault wardens
  A draconian shifter (Zot:2)
  8 emperor scorpions
  2 draconian scorchers
  3 draconian stormcallers
  An orc warlord (Vaults:5)
  A deep elf elementalist (Vaults:5)
  24 very ugly things
  8 spriggan defenders
  21 ironheart preservers
  33 stone giants
  6 entropy weavers
  A draconian annihilator (Zot:2)
  2 deep elf demonologists (Vaults:5)
  Azrael (Orc:2)
  6 black draconians
  A green draconian (Depths:5)
  2 red draconians
  4 white draconians
  2 deep elf annihilators
  4 yellow draconians
  3 purple draconians
  16 spark wasps
  3 deep elf death magi (Vaults:5)
  2 ettins (shapeshifter)
  23 ettins
  12 great orbs of eyes
  3 jiangshi (Depths:2)
  15 fire dragons
  16 ogre magi
  A deep elf high priest (Vaults:5)
  2 ghost crabs (Swamp:2)
  24 yaktaur captains
  Erolcha (D:13)
  5 rakshasas
  32 vault guards
  20 hydras
  7 ice dragons
  10 spriggan air magi
  Erica (D:9)
  12 centaur warriors
  A catoblepas (D:15)
  10 deep troll shamans
  2 death knights
  40 two-headed ogres
  4 vampire magi
  9 alligators
  4 tengu warriors
  5 orc high priests (Orc:2)
  6 spriggan berserkers
  7 deep troll earth magi
  2 hell hogs (Depths:1)
  8 death scarabs (Spider:4)
  Nergalle (D:11)
  Urug (D:11)
  A storm dragon zombie (Vaults:4)
  3 sun demons
  4 shadow wraiths
  5 deep elf knights (Vaults:2)
  2 hell knights (Depths:3)
  A sixfirhy (Depths:3)
  9 skeletal warriors
  An infernal demonspawn (Orc:2)
  2 torturous demonspawn (Orc:2)
  20 deep trolls
  4 spriggan druids
  3 glowing orange brains
  2 spectral wolf spiders (Spider:4)
  14 swamp dragons
  A cherub (D:13)
  An unseen horror (D:10)
  3 phantasmal warriors (Vaults:5)
  6 flayed ghosts
  4 lindwurms
  2 shambling mangroves (Swamp:4)
  4 deep elf archers
  A lindwurm (shapeshifter) (Vaults:3)
  An obsidian statue (Zot:5)
  9 wizards
  20 orb spiders
  24 orc knights
  7 necromancers
  6 harpies
  3 harpies (shapeshifter)
  4 wolf spider zombies (Spider:4)
  13 ironbrand convokers
  A wolf spider (shapeshifter) (Depths:3)
  27 wolf spiders
  50 ugly things
  2 fire giant zombies
  A frost giant zombie (Vaults:4)
  9 cyclopes
  10 orc sorcerers
  10 deep elf magi
  A manticore (shapeshifter) (Vaults:1)
  Maurice (D:9)
  6 black mambas
  3 smoke demons (D:7)
  2 stone giant skeletons
  2 moths of wrath (shapeshifter)
  A black mamba (shapeshifter) (Vaults:2)
  A guardian serpent (shapeshifter) (Vaults:4)
  9 moths of wrath
  3 molten gargoyles (Lair:6)
  2 torpor snails
  4 centaur skeletons
  13 vault sentinels
  2 rust devils
  A hellion (Zot:5)
  13 spiny frogs
  A rime drake (shapeshifter) (Vaults:3)
  A yaktaur zombie (Vaults:3)
  9 komodo dragons
  49 yaktaurs
  A redback zombie (Spider:4)
  14 demonic crawlers
  11 freezing wraiths
  6 spectral redbacks (Spider:4)
  A hellwing (D:7)
  4 human skeletons
  A spriggan skeleton (Depths:1)
  A red devil (Orc:2)
  A jumping spider (shapeshifter) (Vaults:4)
  A polar bear (shapeshifter) (Vaults:1)
  8 tengu conjurers
  4 tyrant leeches
  A guardian mummy (D:13)
  A queen bee (shapeshifter) (Vaults:5)
  8 trolls
  46 jumping spiders
  4 spectral jumping spiders (Spider:4)
  A hornet (shapeshifter) (Vaults:2)
  12 blink frogs
  A meliai (shapeshifter) (D:15)
  A wind drake (shapeshifter) (Depths:1)
  21 hornets
  Grinder (D:3)
  An ettin zombie (Depths:1)
  6 meliai
  25 slime creatures
  2 spectral tarantellas (Spider:4)
  A jumping spider zombie (Spider:4)
  A harpy skeleton (D:15)
  2 bog bodies
  An ettin skeleton (Vaults:4)
  5 hippogriffs
  105 redbacks
  5 wraiths
  A tarantella (shapeshifter) (Vaults:3)
  34 tarantellas
  4 shadows
  13 spriggans
  2 humans
  15 water elementals
  7 wyverns
  4 fire elementals (Orc:2)
  A spriggan (shapeshifter) (Depths:1)
  A human (shapeshifter) (Vaults:2)
  19 yaks
  Eustachio (D:4)
  4 golden eyes (D:14)
  4 basilisks
  2 chaos spawn (Orc:2)
  Grum (D:11)
  6 hogs
  3 steam dragons (Lair:6)
  A neqoxec (D:8)
  20 vampire mosquitoes
  A hungry ghost (D:14)
  A naga (shapeshifter) (Vaults:1)
  An ogre zombie (Vaults:1)
  7 wargs
  14 swamp worms
  4 acid dragons
  A soldier ant (shapeshifter) (Vaults:2)
  A deep troll zombie (Vaults:4)
  A floating eye (Depths:3)
  A floating eye (shapeshifter) (Vaults:4)
  15 hell hounds
  10 water moccasins
  3 spectral hornets (Spider:4)
  13 swamp drakes
  15 porcupines
  Duvessa (D:4)
  5 ice beasts
  5 sky beasts
  53 orc warriors
  6 black bears
  A necrophage (D:10)
  49 ogres
  5 phantoms
  14 centaurs
  2 eyes of draining
  6 boggarts
  2 wolves (D:11)
  An eye of draining (shapeshifter) (Vaults:2)
  11 crocodiles
  A human zombie (Vaults:4)
  13 bullfrogs
  A gnoll sergeant (D:7)
  A wyvern zombie (D:15)
  A deep troll simulacrum (Vaults:4)
  Dowan (D:4)
  A scorpion (shapeshifter) (Vaults:3)
  5 scorpions
  A wyvern skeleton (D:14)
  4 killer bees (D:13)
  An elf simulacrum (Vaults:3)
  3 wights (D:15)
  A howler monkey (D:6)
  5 electric eels
  16 crimson imps
  4 lava snakes (Lair:6)
  4 jellies
  3 human simulacra (Vaults:1)
  A yaktaur simulacrum (Vaults:1)
  36 orc priests
  A gnoll shaman (D:9)
  9 hounds
  26 orc wizards
  Ijyb (D:2)
  9 worker ants
  4 iguanas
  A killer bee zombie (D:8)
  A hound zombie (D:9)
  3 worker ant zombies
  A howler monkey zombie (D:8)
  8 adders
  13 gnolls
  3 shadow imps
  An ufetubus (D:12)
  3 adder skeletons
  2 adder zombies
  5 worms
  2 dart slugs (D:1)
  4 leopard geckos
  118 orcs
  2 ball pythons (D:4)
  9 giant cockroaches
  16 goblins
  7 hobgoblins
  12 jackals
  7 kobolds
  2 quokkas
  13 bats
  4 frilled lizards
  A leopard gecko skeleton (D:8)
  A quokka zombie (D:5)
  7 rats
  9 briar patches
  A butterfly (Lair:3)
  3 crawling corpses (Vaults:5)
  3 fungi (D:9)
  18 plants
2150 creatures vanquished.

Vanquished Creatures (others)
  A tengu reaver (Depths:2)
  A fire giant (D:15)
  A fire dragon (Depths:1)
  A vampire mage (Vaults:3)
  A shadow wraith (Vaults:1)
  A wolf spider (Spider:3)
  A moth of wrath (Zot:5)
  2 redbacks (Spider:3)
  A golden eye (shapeshifter) (Vaults:1)
  A boggart (Depths:1)
  3 briar patches (Swamp:4)
  9 fungi
  14 plants
37 creatures vanquished.

Grand Total: 2187 creatures vanquished

Notes
Turn   | Place    | Note
-------+----------+-------------------------------------------
     0 | D:1      | Gorglomux the Minotaur Warper began the quest for the Orb.
     0 | D:1      | Reached XP level 1. HP: 18/18 MP: 1/1
    77 | D:1      | Reached XP level 2. HP: 18/25 MP: 3/3
   127 | D:1      | Reached skill level 3 in Fighting
   180 | D:1      | Reached skill level 3 in Axes
   288 | D:1      | Reached XP level 3. HP: 31/31 MP: 4/4
   901 | D:2      | Noticed Ijyb
   909 | D:2      | Reached XP level 4. HP: 27/39 MP: 5/5
   917 | D:2      | Killed Ijyb
   917 | D:2      | Reached skill level 3 in Armour
  1266 | D:2      | Reached skill level 4 in Fighting
  1748 | D:3      | Noticed Gorglomux's ghost (amateur MiWr)
  2017 | D:3      | Reached XP level 5. HP: 41/46 MP: 6/6
  2102 | D:3      | Noticed Grinder
  2102 | D:3      | Paralysed by Grinder for 7 turns
  2111 | D:3      | Killed Grinder
  2111 | D:3      | Reached skill level 5 in Fighting
  2111 | D:3      | Reached XP level 6. HP: 55/56 MP: 7/7
  2558 | D:4      | Noticed Eustachio
  2586 | D:4      | Noticed Dowan
  2592 | D:4      | Noticed Duvessa
  2608 | D:4      | Killed Duvessa
  2609 | D:4      | Killed Dowan
  2609 | D:4      | Reached XP level 7. HP: 18/62 MP: 8/8
  2615 | D:4      | Killed Eustachio
  2615 | D:4      | Reached skill level 6 in Fighting
  2615 | D:4      | Reached skill level 6 in Axes
  3361 | D:4      | Found a sacrificial altar of Ru.
  3374 | D:5      | Entered Level 5 of the Dungeon
  3436 | D:5      | Reached skill level 6 in Armour
  3546 | D:5      | Reached XP level 8. HP: 69/71 MP: 9/9
  3733 | D:5      | Reached skill level 7 in Fighting
  4092 | D:5      | Found a glowing drain.
  4107 | Sewer    | Entered a sewer
  4379 | D:6      | Reached skill level 8 in Fighting
  4412 | D:6      | Found a staircase to the Ecumenical Temple.
  4434 | Temple   | Entered the Ecumenical Temple
  4465 | Temple   | Became a worshipper of Warmaster Okawaru
  4581 | D:6      | Reached XP level 9. HP: 51/82 MP: 10/10
  5015 | D:7      | Reached skill level 9 in Fighting
  5050 | D:7      | Reached * piety under Okawaru
  5050 | D:7      | Reached skill level 9 in Axes
  5170 | D:7      | Reached skill level 9 in Armour
  5243 | D:7      | Reached skill level 1 in Invocations
  5325 | D:7      | Found an opulent altar of Gozag.
  5373 | D:7      | Reached skill level 1 in Shields
  5375 | D:7      | Reached ** piety under Okawaru
  5381 | D:7      | Reached skill level 3 in Shields
  5381 | D:7      | Reached skill level 3 in Invocations
  5771 | D:8      | Found Qaijonu's Assorted Antiques.
  5780 | D:8      | Reached XP level 10. HP: 91/91 MP: 11/11
  5787 | D:8      | Bought a runed scarf for 216 gold pieces
  5787 | D:8      | Bought a purple potion for 24 gold pieces
  5787 | D:8      | Bought a scroll labeled ANE ETSOGEURY for 27 gold pieces
  5787 | D:8      | Bought a scroll labeled PESTRU DOASUPP for 27 gold pieces
  5895 | D:8      | Noticed a two-headed ogre
  5907 | D:8      | Killed a two-headed ogre
  5924 | D:8      | Noticed a two-headed ogre
  5938 | D:8      | Killed a two-headed ogre
  5938 | D:8      | Reached *** piety under Okawaru
  5938 | D:8      | Reached skill level 12 in Axes
  6101 | D:8      | Received a gift from Okawaru
  6168 | D:8      | Found a shattered altar of Ashenzari.
  6238 | D:9      | Noticed Erica
  6249 | D:9      | Killed Erica
  6312 | D:9      | Reached **** piety under Okawaru
  6322 | D:9      | Found a staircase to the Lair.
  6578 | D:9      | Reached XP level 11. HP: 93/97 MP: 12/12
  6720 | D:9      | Found Epist's Jewellery Shoppe.
  6778 | D:9      | Noticed a two-headed ogre
  6789 | D:9      | Killed a two-headed ogre
  6789 | D:9      | Reached ***** piety under Okawaru
  6900 | D:9      | Found a staircase to the Orcish Mines.
  7003 | D:9      | Noticed Maurice
  7012 | D:9      | Killed Maurice
  7106 | D:10     | Entered Level 10 of the Dungeon
  7277 | D:10     | Reached skill level 10 in Fighting
  7569 | D:10     | Noticed an unseen horror
  7583 | D:10     | Killed an unseen horror
  7681 | D:11     | Found Goox Xishre's Book Shop.
  7692 | D:11     | Noticed Nergalle
  7721 | D:11     | Killed Nergalle
  7721 | D:11     | Reached skill level 6 in Shields
  7734 | D:11     | Noticed Urug
  7750 | D:11     | Killed Urug
  7828 | D:11     | Received a gift from Okawaru
  8058 | D:11     | Noticed Grum
  8070 | D:11     | Killed Grum
  8085 | D:11     | Found a labyrinth entrance.
  8403 | Lair:1   | Entered Level 1 of the Lair of Beasts
  8499 | Lair:1   | Reached skill level 15 in Axes
  8814 | Lair:1   | Reached skill level 11 in Fighting
  8865 | Lair:1   | Reached XP level 12. HP: 107/110 MP: 13/13
  9455 | Lair:2   | Found a staircase to the Swamp.
 10235 | Lair:3   | Received a gift from Okawaru
 10541 | Lair:3   | Found a hole to the Spider Nest.
 12105 | Lair:5   | Received a gift from Okawaru
 12238 | Lair:5   | Found a staircase to the Slime Pits.
 12249 | Lair:5   | Reached skill level 12 in Fighting
 12330 | Lair:5   | Reached skill level 9 in Shields
 12467 | Lair:5   | Reached ****** piety under Okawaru
 12467 | Lair:5   | Received a gift from Okawaru
 12796 | Lair:6   | Entered Level 6 of the Lair of Beasts
 12834 | Lair:6   | Found a shimmering altar of Xom.
 13025 | Lair:6   | Reached skill level 12 in Armour
 13613 | Lair:6   | Reached XP level 13. HP: 119/119 MP: 15/15
 13787 | Lair:6   | Found a large runed door.
 13984 | Lair:6   | Found a large runed door.
 14004 | Lair:6   | Noticed a fire dragon
 14211 | Lair:6   | Killed a fire dragon
 14729 | D:12     | Received a gift from Okawaru
 14758 | D:12     | Got a faintly humming crystal plate armour {god gift}
 14772 | D:12     | Identified the +4 crystal plate armour "Axaoqare" {god gift, rPois} (Okawaru gifted it to you on level 12 of the Dungeon)
 14993 | D:12     | Found Japaent's Antique Armour Shop.
 15002 | D:12     | Bought a runed scarf for 184 gold pieces
 15141 | D:13     | Noticed Erolcha
 15146 | D:13     | Killed Erolcha
 15294 | D:13     | Reached skill level 13 in Fighting
 15542 | D:13     | Found a gate to the Vaults.
 15646 | D:13     | Found a portal to a secret trove of treasure.
 15737 | D:13     | Reached skill level 6 in Invocations
 16151 | D:14     | Received a gift from Okawaru
 16155 | D:14     | Reached XP level 14. HP: 129/129 MP: 15/17
 16168 | D:14     | Got a twisted hat {god gift}
 16174 | D:14     | Identified the +0 hat of the Desert {god gift, +Inv rN++ Str-4 Int+3} (Okawaru gifted it to you on level 14 of the Dungeon)
 16998 | D:15     | Entered Level 15 of the Dungeon
 17222 | D:15     | Found a staircase to the Depths.
 17222 | D:15     | Noticed a fire giant
 17544 | D:15     | Killed a fire giant
 17801 | D:15     | Reached skill level 14 in Fighting
 18213 | Orc:1    | Entered Level 1 of the Orcish Mines
 18400 | Orc:1    | Paralysed by an orc sorcerer for 3 turns
 18648 | Orc:2    | Entered Level 2 of the Orcish Mines
 18654 | Orc:2    | Noticed Donald
 18656 | Orc:2    | Noticed a stone giant
 18680 | Orc:1    | Killed Donald
 18680 | Orc:1    | Reached skill level 12 in Shields
 18858 | Orc:2    | Killed a stone giant
 18878 | Orc:2    | Noticed Azrael
 18893 | Orc:2    | Killed Azrael
 18893 | Orc:2    | Received a gift from Okawaru
 19008 | Orc:2    | Found Osucoic's Magic Scroll Shop.
 19018 | Orc:2    | Found Wibudgh's Magic Scroll Boutique.
 19136 | Orc:2    | Bought a scroll of acquirement for 676 gold pieces
 19136 | Orc:2    | Bought a scroll of teleportation for 39 gold pieces
 19136 | Orc:2    | Bought a scroll of holy word for 97 gold pieces
 19136 | Orc:2    | Bought a scroll of summoning for 123 gold pieces
 19151 | Orc:2    | Bought a scroll of silence for 112 gold pieces
 19151 | Orc:2    | Bought a scroll of magic mapping for 52 gold pieces
 19151 | Orc:2    | Bought a scroll of magic mapping for 52 gold pieces
 19235 | Orc:2    | Found a staircase to the Elven Halls.
 19381 | Orc:2    | Paralysed by an orc sorcerer for 5 turns
 19414 | Orc:2    | HP: 5/133 [sun demon (19)]
 19981 | Orc:2    | Received a gift from Okawaru
 19981 | Orc:2    | Reached XP level 15. HP: 120/139 MP: 20/20
 20086 | Orc:2    | Found Motyu's Antique Weapon Shoppe.
 20086 | Orc:2    | Found Agawuedgh's Gadget Emporium.
 20087 | Orc:2    | Found a one-way gate leading to the halls of Pandemonium.
 20334 | Spider:1 | Entered Level 1 of the Spider Nest
 20358 | Spider:1 | Received a gift from Okawaru
 20373 | Spider:1 | Reached skill level 9 in Invocations
 20453 | Spider:1 | Reached skill level 15 in Fighting
 20453 | Spider:1 | Reached skill level 18 in Axes
 20548 | Spider:1 | Identified a +1 pair of boots of running (You found it on level 1 of the Spider Nest)
 20645 | Spider:1 | Received a gift from Okawaru
 20645 | Spider:1 | Reached skill level 15 in Armour
 20988 | Spider:2 | Noticed Louise
 21005 | Spider:2 | Killed Louise
 21122 | Spider:2 | Noticed Roxanne
 21284 | Spider:2 | Killed Roxanne
 21285 | Spider:2 | Identified Roxanne's Incunabulum of the Rocks (You took it off Roxanne on level 2 of the Spider Nest)
 21445 | Spider:2 | You fall through a shaft!
 21449 | Spider:3 | Noticed Nikola
 21800 | Spider:2 | Reached XP level 16. HP: 139/151 MP: 21/21
 22084 | Spider:3 | Noticed Arachne
 22266 | Spider:3 | Killed Nikola
 22266 | Spider:3 | Reached skill level 16 in Fighting
 22272 | Spider:3 | Killed Arachne
 22272 | Spider:3 | Received a gift from Okawaru
 23024 | Spider:4 | Entered Level 4 of the Spider Nest
 23336 | Spider:4 | Noticed Kirke
 23341 | Spider:4 | Reached skill level 15 in Shields
 23348 | Spider:4 | Killed Kirke
 23411 | Spider:4 | Noticed Bai Suzhen
 23433 | Spider:4 | Killed Bai Suzhen
 23531 | Spider:4 | Reached skill level 17 in Fighting
 23714 | Spider:4 | Received a gift from Okawaru
 24053 | Spider:4 | Reached XP level 17. HP: 149/162 MP: 15/22
 24104 | Spider:4 | Got a gossamer rune of Zot
 24854 | Swamp:1  | Entered Level 1 of the Swamp
 24908 | Swamp:1  | Reached skill level 18 in Fighting
 24930 | Swamp:1  | Received a gift from Okawaru
 25023 | Swamp:1  | Reached skill level 18 in Armour
 25760 | Swamp:2  | Received a gift from Okawaru
 26952 | Swamp:3  | Received a gift from Okawaru
 27048 | Swamp:4  | Entered Level 4 of the Swamp
 27172 | Swamp:4  | Reached XP level 18. HP: 140/174 MP: 21/23
 27299 | Swamp:4  | Reached skill level 19 in Fighting
 27400 | Swamp:4  | Got a decaying rune of Zot
 28078 | Vaults:1 | Entered Level 1 of the Vaults
 28091 | Vaults:1 | Reached skill level 18 in Shields
 28255 | Vaults:1 | Received a gift from Okawaru
 28574 | Vaults:1 | Received a gift from Okawaru
 28635 | Vaults:1 | Received a gift from Okawaru
 28783 | Vaults:1 | Found Hecuivuqoh's Food Shoppe.
 28868 | Vaults:1 | Received a gift from Okawaru
 29428 | Spider:4 | Got a pair of jewelled gloves {god gift}
 29434 | Spider:4 | Identified the -1 pair of gloves "Jyuk Ceu" {god gift, Str+3 Slay+3} (Okawaru gifted it to you on level 4 of the Spider Nest)
 29970 | Vaults:1 | Reached skill level 20 in Fighting
 30014 | Vaults:1 | Reached XP level 19. HP: 170/185 MP: 21/24
 30303 | Vaults:2 | Found Dopoxu's General Store.
 30611 | Vaults:2 | Found Imyhi's General Store.
 30636 | Vaults:2 | Bought a potion of curing for 63 gold pieces
 30636 | Vaults:2 | Bought a scroll of fear for 73 gold pieces
 30636 | Vaults:2 | Bought a +1 plate armour of fire resistance for 735 gold pieces
 30636 | Vaults:2 | Bought a potion of agility for 84 gold pieces
 30687 | Vaults:2 | Received a gift from Okawaru
 30816 | Vaults:2 | Found Ihag's General Store.
 31007 | Vaults:2 | Found Vebynog's Gadget Shop.
 31017 | Vaults:2 | Found Xepeghil's Armour Shop.
 31172 | Vaults:2 | Found Cueps's Antique Weapon Emporium.
 31438 | Vaults:3 | Paralysed by a floating eye for 3 turns
 31459 | Vaults:3 | Reached skill level 21 in Fighting
 31519 | Vaults:3 | Noticed Asterion
 31538 | Vaults:3 | Killed Asterion
 31538 | Vaults:3 | Received a gift from Okawaru
 31546 | Vaults:3 | Identified the +1 eveningstar "Oprar" {god gift, speed, +Blink rC++} (Okawaru gifted it to you on level 3 of the Vaults)
 31602 | Vaults:3 | Reached skill level 21 in Armour
 31758 | Vaults:3 | Found a staircase to the Crypt.
 31823 | Vaults:3 | Reached XP level 20. HP: 125/198 MP: 25/25
 32122 | Vaults:3 | Found Ygrisom's General Store.
 32268 | Vaults:3 | Found the +2 shield of Resistance {rF+ rC+ MR+}
 32745 | Vaults:4 | Received a gift from Okawaru
 32923 | Vaults:4 | Identified the +0 hat "Urich" {god gift, -Cast rN++ Int+3} (Okawaru gifted it to you on level 4 of the Vaults)
 33218 | Vaults:4 | Reached skill level 21 in Shields
 33221 | Vaults:4 | Reached skill level 22 in Fighting
 33539 | Vaults:4 | Found Ytuwn's Food Emporium.
 34316 | Depths:1 | Entered Level 1 of the Depths
 34398 | Depths:1 | Received a gift from Okawaru
 34754 | Depths:1 | Reached XP level 21. HP: 209/209 MP: 26/26
 35276 | Depths:1 | Found a gateway to Hell.
 35587 | Vaults:2 | Bought the +1 cloak of Starlight {rElec rC+ EV+4 Stlth--} for 934 gold pieces
 35587 | Vaults:2 | Found the +1 cloak of Starlight {rElec rC+ EV+4 Stlth--}
 36115 | Depths:2 | Found a gateway to a ziggurat.
 36144 | Depths:2 | Noticed the Enchantress
 36153 | Depths:2 | Killed the Enchantress
 36239 | Depths:2 | Noticed Jorgrun
 36251 | Depths:2 | Killed Jorgrun
 36251 | Depths:2 | Received a gift from Okawaru
 36461 | Depths:2 | Noticed a juggernaut
 36463 | Depths:2 | Reached skill level 23 in Fighting
 36561 | Depths:2 | Noticed a juggernaut
 36585 | Depths:2 | Killed a juggernaut
 36595 | Depths:2 | Killed a juggernaut
 37153 | Depths:2 | Noticed a caustic shrike
 37163 | Depths:2 | Killed a caustic shrike
 37163 | Depths:2 | Reached XP level 22. HP: 109/220 MP: 24/27
 37245 | Depths:2 | Received a gift from Okawaru
 37263 | Depths:2 | Noticed a caustic shrike
 37276 | Depths:2 | Killed a caustic shrike
 37390 | Depths:2 | Identified the Catalogue of Floating Stolen Souls
 37476 | Depths:2 | Found the +4 dagger "Morg" {pain, MR+ Int+5}
 37609 | Depths:2 | Received a gift from Okawaru
 37774 | Depths:3 | Found a burning altar of Makhleb.
 37775 | Depths:3 | Found a snail-covered altar of Cheibriados.
 37775 | Depths:3 | Found a sparkling altar of Nemelex Xobeh.
 37775 | Depths:3 | Found a deep blue altar of Sif Muna.
 37855 | Depths:3 | Noticed Mennas
 37886 | Depths:3 | Killed Mennas
 37886 | Depths:3 | Received a gift from Okawaru
 37960 | Depths:3 | Found a runed door.
 37960 | Depths:3 | Found a runed door.
 38039 | Depths:3 | Noticed a juggernaut
 38053 | Depths:3 | Killed a juggernaut
 38063 | Depths:3 | Found a runed door.
 38068 | Depths:3 | Identified the ring of Tepsarath {Ice rN+} (You found it on level 3 of the Depths)
 38114 | Depths:3 | Found a runed door.
 38235 | Depths:3 | Reached skill level 24 in Fighting
 38368 | Depths:3 | Reached skill level 24 in Armour
 38441 | Depths:3 | Noticed a juggernaut
 38447 | Depths:3 | Paralysed by a floating eye for 3 turns
 38458 | Depths:3 | Killed a juggernaut
 38846 | Depths:4 | Noticed Frederick
 38856 | Depths:4 | Killed Frederick
 38971 | Depths:4 | Noticed Mara
 38985 | Depths:4 | Killed Mara
 38988 | Depths:4 | Received a gift from Okawaru
 39284 | Depths:4 | Reached XP level 23. HP: 216/232 MP: 28/28
 39523 | Depths:4 | Found a one-way gate to the infinite horrors of the Abyss.
 39533 | Depths:4 | Received a gift from Okawaru
 39946 | Depths:5 | Entered Level 5 of the Depths
 39952 | Depths:5 | Reached skill level 24 in Shields
 40176 | Depths:5 | Reached skill level 25 in Fighting
 40263 | Depths:5 | Identified Adilefucel's Catalogue of Snow and Earth
 40321 | Depths:5 | Found Xywn's Gadget Boutique.
 40323 | Depths:5 | Found Yvolom's Jewellery Shoppe.
 40324 | Depths:5 | Found Muhyjou's Gadget Boutique.
 40331 | Depths:5 | Bought the ring "Teheikka" {rPois rF+ rN+ Dex+2} for 1060 gold pieces
 40580 | Depths:5 | Found a gate to the Realm of Zot.
 40889 | Vaults:5 | Entered Level 5 of the Vaults
 40901 | Vaults:5 | Received a gift from Okawaru
 40912 | Vaults:5 | Noticed an ancient lich
 40919 | Vaults:5 | Killed an ancient lich
 40923 | Vaults:5 | Noticed an ancient lich
 40933 | Vaults:5 | Killed an ancient lich
 40962 | Vaults:5 | Reached XP level 24. HP: 198/243 MP: 27/28
 40963 | Vaults:5 | Reached skill level 1 in Evocations
 40979 | Vaults:5 | Reached skill level 3 in Dodging
 41137 | Vaults:5 | Reached skill level 3 in Evocations
 41249 | Vaults:5 | Found the +9 staff of Olgreb {rPois}
 41316 | Vaults:5 | Received a gift from Okawaru
 41459 | Vaults:5 | Identified the cursed +0 pair of gloves of Card Tricks {rF+} (You found it on level 5 of the Vaults)
 41480 | Vaults:5 | Reached skill level 6 in Dodging
 41570 | Vaults:5 | Reached skill level 26 in Fighting
 41597 | Vaults:5 | Got a clouded tin ring
 41799 | Vaults:5 | Identified the ring of Qurigety {*Tele +Inv rPois} (You took it off a frost giant on level 5 of the Vaults)
 41857 | Vaults:5 | Identified the ring of Satieli {rC- MR+ Dex+3 Stlth-} (You found it on level 5 of the Vaults)
 41904 | Vaults:5 | Reached skill level 6 in Evocations
 42236 | Vaults:5 | Noticed an ancient lich
 42249 | Vaults:5 | Killed an ancient lich
 42249 | Vaults:5 | Received a gift from Okawaru
 42403 | Vaults:5 | Got a silver rune of Zot
 42421 | Vaults:5 | Reached skill level 9 in Dodging
 42720 | Zot:1    | Entered Level 1 of the Realm of Zot
 42723 | Zot:1    | Found the brooch of Shielding {Reflect SH+8}
 42813 | Zot:2    | Reached XP level 25. HP: 142/255 MP: 25/28
 43044 | Zot:4    | Got a warped steel ring
 43045 | Zot:4    | Identified the ring of Mirth {+Inv rElec rC+ rN+ MR-} (You acquired it on level 4 of the Realm of Zot)
 43175 | Zot:5    | Entered Level 5 of the Realm of Zot
 43389 | Zot:5    | Received a gift from Okawaru
 43435 | Zot:5    | Noticed an ancient lich
 43436 | Zot:5    | Identified the +2 pair of boots of Summertime {god gift, *Slow rF+ MR+} (Okawaru gifted it to you on level 5 of the Realm of Zot)
 43446 | Zot:5    | Killed an ancient lich
 43453 | Zot:5    | Noticed an ancient lich
 43464 | Zot:5    | Killed an ancient lich
 43595 | Zot:5    | Noticed an ancient lich
 43611 | Zot:5    | Killed an ancient lich
 43806 | Zot:5    | Noticed an ancient lich
 43817 | Zot:5    | Killed an ancient lich
 43834 | Zot:5    | Reached skill level 27 in Fighting
 44066 | Zot:5    | Noticed an ancient lich
 44080 | Zot:5    | Killed an ancient lich
 44315 | Zot:5    | Noticed an ancient lich
 44324 | Zot:5    | Killed an ancient lich
 45108 | Zot:5    | Reached skill level 21 in Axes
 45118 | Zot:5    | Reached skill level 12 in Dodging
 45154 | Zot:5    | Noticed an orb of fire
 45170 | Zot:5    | Killed an orb of fire
 45187 | Zot:5    | Received a gift from Okawaru
 45191 | Zot:5    | Reached XP level 26. HP: 201/266 MP: 29/30
 45219 | Zot:5    | Reached skill level 12 in Invocations
 45249 | Zot:5    | Got the Orb of Zot
 45252 | Zot:5    | Noticed an orb of fire
 45252 | Zot:5    | Gained mutation: Your spells are a little easier to cast, but a little less powerful. [an orb of fire]
 45289 | Zot:5    | Noticed Riewn the pandemonium lord
 45338 | Zot:5    | Noticed a seraph
 45352 | Zot:5    | Noticed Cuholit the pandemonium lord
 45368 | Zot:4    | Killed Cuholit the pandemonium lord
 45761 | D:9      | Noticed Elauq the pandemonium lord
 45819 | D:8      | Gained mutation: You are weak. (Str -2) [a neqoxec]
 45821 | D:8      | Gained mutation: You are frail. (-10% HP) [a neqoxec]
 45970 | D:$      | Escaped with the Orb!

Vault maps used:
D:1:      minmay_arrival_doors
D:2:      kennysheep_the_goblin_king, first_ration, minmay_tetromino_o2
D:3:      uniq_grinder
D:4:      kennysheep_mini_moat, uniq_eustachio, uniq_duvessa
D:5:      portal_sewer_entry_f, bh_walls_and_bars
D:6:      minmay_temple_entry_junction_2
D:7:      grunt_livestock, grunt_gozag_breadcrumbs
D:8:      serial_shops, shop, cheibrodos_ashenzari_chains
D:9:      due_lair_maze_entry_diamond, orc_0_dummy, serial_shops, shop,
          uniq_erica, uniq_maurice
D:10:     minmay_large_rounded_square
D:11:     serial_shops, shop_fountains, lab_entry_generic, uniq_grum, uniq_urug,
          uniq_nergalle
D:12:     serial_shops, shop
D:13:     david_vaults_1, nicolae_trove_entry_path_of_doom, uniq_erolcha
D:14:     grunt_decor_clamped
D:15:     grunt_enter_depths_giant_problem, serial_bayou, serial_bayou_lagoon_a,
          serial_bayou_pond_c, serial_bayou_shore_a, serial_bayou_lagoon_b
Temple:   regret_index_temple_sigil_plot
Lair:2:   minmay_swamp_entry_eels, grunt_megastairs_4
Lair:3:   spider_nest_entry_webs, lemuel_fruit_fields, serial_bayou_shore_b
Lair:4:   serial_forest, infiniplex_forest_lined_3,
          infiniplex_forest_straight_2, infiniplex_forest_clump_curved,
          infiniplex_forest_clump_small, infiniplex_forest_clump_double,
          infiniplex_forest_lined_4_way, patterned_corridor
Lair:5:   minmay_slime_entry_pillars, serial_bayou_pond_c
Lair:6:   cheibrodos_lair_end_hotspot, basic_altar,
          eino_small_chamber_without_monster
Swamp:1:  serial_swamp_ruin, evilmike_swamp_ruin_house_2,
          evilmike_swamp_ruin_rubble_1, hangedman_swamp_ruin_wall
Swamp:2:  evilmike_swamp_ruin_house_4, swamp_pool4
Swamp:3:  evilmike_swamp_ruin_house_6, swamp_pool2, grunt_witch_cave
Swamp:4:  swamp_alternative, swamp_pool1, infiniplex_staircase_pool
Spider:1: spider_trap
Spider:2: nicolae_crawler_farm, uniq_roxanne, uniq_louise
Spider:3: uniq_nikola, uniq_arachne
Spider:4: floodkiller_spider_rune_tomb, spider_trap, nicolae_orb_island,
          uniq_bai_suzhen, uniq_kirke
Orc:1:    enter_volcano_1
Orc:2:    pf_orc_diabolical, uniq_donald, uniq_azrael
Vaults:1: vaults_mumra_chevron, v_misc_8, ontoclasm_vaults_hangar, st_lattice,
          hangedman_vaults_maws, ontoclasm_vaults_pinch, vaults_room_pools,
          nicolae_vaults_border_crossing, hangedman_vaults_nails,
          nicolae_vaults_shelves_hall, nicolae_vaults_mini_display_case,
          v_misc_3, vaults_room_hallway, serial_shops, nicolae_shop_behind_doors
Vaults:2: v_alt_pattern_6, hangedman_vaults_stitches, grunt_vaults_bifocal,
          nicolae_vaults_network_star, hangedman_vaults_nails,
          vaults_room_mumra_shop_pool, nicolae_vaults_triangles,
          nicolae_vaults_quartermaster, ontoclasm_vaults_fault,
          vaults_dpeg_encased_lava, vaults_room_pool, vaults_dpeg_ring,
          serial_shops, shop, shop, shop_statue, shop, nicolae_shop_waterfront
Vaults:3: grunt_vaults_swirl, vaults_room_pools, vaults_room_stairs_pillars,
          nicolae_vaults_what_the_h, minmay_crypt_entry_simple_statues,
          nicolae_vaults_alarming, nicolae_vaults_inception_statues,
          st_diamondy, v_rooms_3, nicolae_vaults_big_angled_halls,
          nicolae_vaults_rhombus_6, nicolae_vaults_circle_grid_a,
          v_alt_pattern_6, v_pattern_5, nicolae_vaults_little_squares_5,
          ontoclasm_vaults_ring_small, serial_shops, nicolae_shop_statue_plus,
          uniq_asterion
Vaults:4: v_misc_33, vaults_room_large_hall, nicolae_vaults_stairing_the_circle,
          nicolae_vaults_halls_meeting, nicolae_vaults_theta, v_misc_30,
          v_misc_9, nicolae_vaults_little_squares_4, v_misc_26, serial_shops,
          nicolae_shop_stone
Depths:1: grunt_hell_horde, nicolae_twisting_strands, roderic_serpentine_path,
          minmay_stone_trees_small, wad_floor_pattern_untrapped,
          onia_ninara_cookie, grunt_megastairs_5
Depths:2: grunt_twisty_corner, enter_ziggurat_e, hangedman_abyss_or_decor_stabs,
          hell_entry, uniq_jorgrun, uniq_enchantress
Depths:3: minmay_the_grid_ultimate, hell_entry, pan_entry, uniq_mennas
Depths:4: wad_guarded_room, infiniplex_staircase_diamond, abyss_entry,
          hell_entry, hangedman_decor_points, grunt_ministairs_2,
          minmay_three_doors, uniq_frederick, uniq_mara
Depths:5: evilmike_zot_entry_diamond, hell_entry, abyss_entry, minmay_shop_grove
Zot:3:    kennysheep_bubbly
Sewer:    sewer_big_baddie

Skill      XL: |  1  2  3  4  5  6  7  8  9 10 11 12 13 14 15 16 17 18 19 20 21 22 23 24 25 26 |
---------------+-------------------------------------------------------------------------------+-----
Armour         | 2 3 4 5 6 8 9 10 12 13 14 15 17 18 19 21 22 23 24 25 | 25.4
Fighting       | 3 4 5 6 8 9 11 12 13 14 15 17 18 20 21 22 23 24 25 26 27 | 27.0
Axes           | 3 4 5 6 8 10 14 15 16 17 18 21 22 | 22.3
Invocations    | 3 4 6 8 9 11 12 | 12.5
Shields        | 3 4 7 9 11 12 14 15 17 18 20 21 22 23 24 | 24.7
Evocations     | 7 |  7.5
Dodging        | 9 12 13 | 13.3
Throwing       | |  1.0
Spellcasting   | |  1.3
Translocations | |  2.1

Action                   |  1- 3 |  4- 6 |  7- 9 | 10-12 | 13-15 | 16-18 | 19-21 | 22-24 | 25-27 || total
-------------------------+-------+-------+-------+-------+-------+-------+-------+-------+-------++-------
Melee: Hand axe          |   104 |   158 |   268 |   292 |    14 |    86 |       |       |       ||   922
       Headbutt          |    14 |    31 |    44 |   104 |   164 |   277 |   318 |   318 |   119 ||  1389
       Broad axe         |       |       |       |   280 |   969 |  1346 |  1269 |  1099 |   421 ||  5384
Throw: Throwing net      |       |       |       |       |     1 |       |       |       |       ||     1
Invok: Heroism           |       |       |     1 |    12 |    26 |    30 |    22 |    20 |    15 ||   126
       Finesse           |       |       |       |       |    15 |    10 |    14 |    12 |     7 ||    58
Evoke: Wand              |       |     1 |       |     3 |     5 |    16 |     4 |     1 |     4 ||    34
  Use: Scroll            |     1 |     1 |     2 |    26 |     6 |     6 |    11 |    11 |    12 ||    76
       Potion            |       |     5 |       |     1 |     1 |     1 |     1 |       |     3 ||    12
 Stab: Invisible         |       |       |       |       |       |     6 |       |       |       ||     6
       Confused          |       |       |       |       |       |       |     5 |       |       ||     5
       Distracted        |       |       |       |       |       |       |       |     2 |       ||     2
  Eat: Chunk             |       |     6 |    10 |    18 |    20 |    20 |    17 |     9 |     1 ||   101
       Ration            |       |       |       |     2 |     2 |     2 |     1 |     4 |     2 ||    13
Armor: Leather armour    |     3 |       |       |       |       |       |       |       |       ||     3
       Chain mail        |    76 |   161 |   132 |   169 |    33 |       |       |       |       ||   571
       Crystal plate arm |       |       |       |       |   444 |   710 |    33 |       |       ||  1187
       Plate armour      |       |       |       |       |       |       |   357 |   253 |    76 ||   686
Dodge: Dodged            |    39 |   117 |   102 |   118 |   138 |   185 |   235 |   241 |   121 ||  1296
Block: Buckler           |       |       |     7 |    17 |       |       |       |       |       ||    24
       Shield            |       |       |       |   189 |   498 |     9 |   606 |   632 |   201 ||  2135
       Large shield      |       |       |       |       |       |  1319 |   364 |       |       ||  1683
       Reflection        |       |       |       |       |       |     1 |       |       |       ||     1

Table legend:
 A = Spawn XP
 B = Non-spawn XP
 C = Spawn XP percentage of total XP
 D = Spawn monster count
 E = Non-spawn monster count
 F = Spawn count percentage of total count
 G = Total turns spent on level
                    A         B        C        D         E        F      G
               +---------+---------+-------+---------+---------+-------+---------
         Total |       0 | 1342364 |   0.0 |       0 |    2099 |   0.0 | 45970
               +---------+---------+-------+---------+---------+-------+---------
           D:1 |       0 |      50 |   0.0 |       0 |      28 |   0.0 |   522
           D:2 |       0 |     118 |   0.0 |       0 |      25 |   0.0 |  1158
           D:3 |       0 |     374 |   0.0 |       0 |      20 |   0.0 |   840
           D:4 |       0 |     577 |   0.0 |       0 |      23 |   0.0 |   896
           D:5 |       0 |     568 |   0.0 |       0 |      23 |   0.0 |   934
           D:6 |       0 |    1554 |   0.0 |       0 |      22 |   0.0 |   623
           D:7 |       0 |    2170 |   0.0 |       0 |      36 |   0.0 |   799
           D:8 |       0 |    2492 |   0.0 |       0 |      19 |   0.0 |   535
           D:9 |       0 |    5144 |   0.0 |       0 |      58 |   0.0 |  1140
          D:10 |       0 |    2534 |   0.0 |       0 |      16 |   0.0 |   737
          D:11 |       0 |    3848 |   0.0 |       0 |      28 |   0.0 |   779
          D:12 |       0 |    5483 |   0.0 |       0 |      32 |   0.0 |   710
          D:13 |       0 |    7442 |   0.0 |       0 |      23 |   0.0 |  1048
          D:14 |       0 |   13726 |   0.0 |       0 |      33 |   0.0 |  1412
          D:15 |       0 |   14474 |   0.0 |       0 |      44 |   0.0 |  1482
        Lair:1 |       0 |    3087 |   0.0 |       0 |      13 |   0.0 |  1184
        Lair:2 |       0 |    2175 |   0.0 |       0 |      13 |   0.0 |   913
        Lair:3 |       0 |    3079 |   0.0 |       0 |      18 |   0.0 |  1036
        Lair:4 |       0 |    3018 |   0.0 |       0 |      15 |   0.0 |   982
        Lair:5 |       0 |    2777 |   0.0 |       0 |      15 |   0.0 |   720
        Lair:6 |       0 |    9962 |   0.0 |       0 |      36 |   0.0 |  1536
       Swamp:1 |       0 |   14061 |   0.0 |       0 |      45 |   0.0 |   765
       Swamp:2 |       0 |    9531 |   0.0 |       0 |      21 |   0.0 |   845
       Swamp:3 |       0 |   19395 |   0.0 |       0 |      41 |   0.0 |   651
       Swamp:4 |       0 |   33447 |   0.0 |       0 |      56 |   0.0 |   815
      Spider:1 |       0 |   20222 |   0.0 |       0 |      74 |   0.0 |   653
      Spider:2 |       0 |   20982 |   0.0 |       0 |      48 |   0.0 |  1315
      Spider:3 |       0 |   19341 |   0.0 |       0 |      44 |   0.0 |   842
      Spider:4 |       0 |   69011 |   0.0 |       0 |     126 |   0.0 |  1812
         Orc:1 |       0 |    6776 |   0.0 |       0 |      44 |   0.0 |   643
         Orc:2 |       0 |   21814 |   0.0 |       0 |      91 |   0.0 |  1364
      Vaults:1 |       0 |   64633 |   0.0 |       0 |     109 |   0.0 |  1960
      Vaults:2 |       0 |   57231 |   0.0 |       0 |      84 |   0.0 |  1261
      Vaults:3 |       0 |   58885 |   0.0 |       0 |     107 |   0.0 |  1266
      Vaults:4 |       0 |   57428 |   0.0 |       0 |      90 |   0.0 |  1583
      Vaults:5 |       0 |  188114 |   0.0 |       0 |     145 |   0.0 |  1557
      Depths:1 |       0 |   56900 |   0.0 |       0 |      78 |   0.0 |  1344
      Depths:2 |       0 |  131184 |   0.0 |       0 |     118 |   0.0 |  1473
      Depths:3 |       0 |   57904 |   0.0 |       0 |      40 |   0.0 |  1150
      Depths:4 |       0 |   82895 |   0.0 |       0 |      64 |   0.0 |  1127
      Depths:5 |       0 |   55234 |   0.0 |       0 |      45 |   0.0 |   724
         Zot:1 |       0 |    1272 |   0.0 |       0 |       1 |   0.0 |    74
         Zot:2 |       0 |   19720 |   0.0 |       0 |      13 |   0.0 |   197
         Zot:3 |       0 |   15716 |   0.0 |       0 |       9 |   0.0 |    86
         Zot:4 |       0 |    6169 |   0.0 |       0 |       3 |   0.0 |   173
         Zot:5 |       0 |  169734 |   0.0 |       0 |      57 |   0.0 |  2183
         Sewer |       0 |     113 |   0.0 |       0 |       6 |   0.0 |    82
               +---------+---------+-------+---------+---------+-------+---------
